 Dungeon Crawl Stone Soup version 0.19-a0-1895-g783e625 (webtiles) character file.

80 Gruud the Chopper (level 4, -9/33 HPs)
             Began as a Demonspawn Gladiator on Oct 18, 2016.
             Mangled by a goblin
             ... wielding a +1 dagger of electrocution
             ... led by Robin
              (20 damage)
             ... on level 2 of the Dungeon.
             The game lasted 00:05:19 (2033 turns).

Gruud the Chopper (Demonspawn Gladiator)            Turns: 2033, Time: 00:05:23

Health: -9/33      AC: 11    Str: 15    XL:     4   Next: 18%
Magic:  4/4        EV:  5    Int: 10    God:
Gold:   47         SH:  0    Dex: 14    Spells: 0 memorised, 3 levels left

rFire  . . .     SeeInvis .     a - +0 war axe
rCold  . . .     Gourm    .     e - +0 plate armour
rNeg   . . .     Faith    .     (no shield)
rPois  .         Spirit   .     c - +0 helmet
rElec  .         Reflect  .     (no cloak)
rCorr  .         Harm     .     (no gloves)
MR     .....                    (no boots)
Stlth  ..........               k - amulet of inaccuracy (curse)
                                (no ring)
                                m - ring of loudness (curse)

@: no status effects
A: hooves 2, powered by death 1
a: no special abilities


You were on level 2 of the Dungeon.
You were not hungry.

You visited 1 branch of the dungeon, and saw 2 of its levels.

You collected 47 gold pieces.

Inventory:

Hand Weapons
 a - a +0 war axe (weapon)
Missiles
 d - 3 throwing nets (quivered)
Armour
 b - a +0 leather armour
 c - a +0 helmet (worn)
 e - a +0 plate armour (worn)
Jewellery
 k - a cursed amulet of inaccuracy (around neck)
 m - a cursed ring of loudness (left hand)
Wands
 l - a wand of confusion (29/48)
Potions
 g - a potion of lignification {unknown}
 h - a potion of heal wounds
 i - a potion of ambrosia
 p - a potion of resistance {unknown}
Comestibles
 f - 2 bread rations
 n - a beef jerky
 o - a meat ration


   Skills:
 - Level 2.0 Fighting
 * Level 4.4 Axes
 - Level 1.7 Throwing
 + Level 0.6 Armour
 - Level 2.6 Dodging


You had 3 spell levels left.
You didn't know any spells.

Dungeon Overview and Level Annotations

Branches:
Dungeon (2/15)

Altars:

Annotations:
D:2 Robin


Innate Abilities, Weirdness & Mutations

You have hoof-like feet.
You regenerate a little health from kills.


Message History

The goblin is moderately wounded.
The goblin hits you but does no damage. Robin throws the goblin at you!
The goblin barely misses you. The goblin hits you but does no damage.
You completely miss the goblin. Your kick misses the goblin.
The goblin is moderately wounded.
You miss the goblin. Robin hits you but does no damage.
The goblin hits you but does no damage. x2
You closely miss the goblin. You kick the goblin.
The goblin is heavily wounded.
You closely miss the goblin. The goblin hits you but does no damage.
The goblin hits you with a club. Robin hits you but does no damage.
The goblin hits you with a dagger of electrocution.
You are electrocuted!
You slash the goblin!
You kill the goblin!
You barely miss the goblin.
Robin hits you from afar with a trident.
The goblin hits you but does no damage.
You are electrocuted!
Ouch! That really hurt!
You die...

... #.....)..... ..
.###....####. ##.#
.....(..# ### ...
.####.#.###.. .. #.#.##...
#g## #.# #.#...... #gg# #.#
#.###..## #)# #.# #......##
#@# #.###....#### #g#
#.##....##### #.#
#.##...###..#
#.####.#...###.>##
..########........#.....###
........)..................
#+########.##.<.....#######
#...........#.#####
##.#.####.........###


You could see Robin, a hobgoblin and 2 goblins.

Vanquished Creatures
  An ooze (D:1)
  2 dart slugs
  3 leopard geckos
  2 giant cockroaches
  17 goblins
  8 hobgoblins
  3 jackals (D:1)
  12 kobolds
  5 bats
  5 frilled lizards
  4 rats (D:1)
62 creatures vanquished.

Notes
Turn   | Place    | Note
-------+----------+-------------------------------------------
     0 | D:1      | Gruud the Demonspawn Gladiator began the quest for the Orb.
     0 | D:1      | Reached XP level 1. HP: 16/16 MP: 1/1
    24 | D:1      | Reached skill level 3 in Axes
   251 | D:1      | Gained mutation: You regenerate a little health from kills. [demonic ancestry]
   251 | D:1      | Reached XP level 2. HP: 14/22 MP: 2/2
   896 | D:1      | Gained mutation: You have large cloven feet. [demonic ancestry]
   896 | D:1      | Reached XP level 3. HP: 27/27 MP: 3/3
   985 | D:1      | Reached skill level 4 in Axes
  1875 | D:2      | Gained mutation: You have hoof-like feet. [demonic ancestry]
  1875 | D:2      | Reached XP level 4. HP: 33/33 MP: 4/4
  2009 | D:2      | Noticed Robin
  2033 | D:2      | Mangled by a goblin

Vault maps used:
D:1:      onia_arrival_pentagram, minmay_pentomino_v2
D:2:      chequers_temple_overflow_minitemple, uniq_robin

Skill      XL: |  1  2  3 |
---------------+----------+-----
Axes           | 3 4 |  4.4
Fighting       | |  2.0
Throwing       | |  1.7
Armour         | |  0.6
Dodging        | |  2.6

Action                   |  1- 3 |  4- 6 || total
-------------------------+-------+-------++-------
Melee: War axe           |   358 |    32 ||   390
       Kick              |    57 |     3 ||    60
Evoke: Wand              |       |     1 ||     1
  Use: Scroll            |     3 |       ||     3
 Stab: Confused          |       |     1 ||     1
  Eat: Chunk             |     4 |     1 ||     5
Armor: Leather armour    |    29 |       ||    29
       Plate armour      |   261 |    36 ||   297
Dodge: Dodged            |   158 |    13 ||   171
